Map: Orbital Shipyard

Players

LiZaMoNeY

  • Race: Terran Terran
  • League: Master

Miszu - Winner!

  • Race: Terran Terran
  • League: Master

VOD

Have the link to the VOD?

Description

Time

  • Played on: March 11, 2016, 3:19 p.m.
  • Length: 9:36
Show
View Real Time Build Order
Export as new Build Order

LiZaMoNeY Terran 

Build Orders: 1/1/1, Banshee Rush 

Get SALT Encoding   

  12  0:01  SCV  
  13  0:13  SCV  
  14  0:17  Supply Depot  
  14  0:25  SCV  
  15  0:28  Refinery  
  15  0:39  SCV  
  16  0:45  Barracks  
  16  0:51  SCV  
  17  1:03  SCV  
  18  1:15  SCV  
  19  1:31  Marine, Orbital Command  
  20  1:33  Factory  
  20  1:36  Refinery  
  20  1:49  Marine  
  20  1:51  Supply Depot  
  21  2:00  SCV  
  22  2:12  SCV  
  22  2:13  Barracks Tech Lab  
  23  2:19  Starport, Hellion  
  25  2:24  SCV  
  26  2:33  Supply Depot  
  26  2:36  SCV  
  27  2:48  SCV  
  28  3:00  Cloaking Field, SCV  
  28  3:01  Banshee  
  30  3:16  SCV  
  30  3:19  Command Center  
  29  3:20  Barracks Reactor, Factory Tech Lab  
  29  3:28  Supply Depot, SCV  
  30  3:39  Siege Tank  
  30  3:40  SCV  
  34  3:47  Banshee  
  37  3:53  SCV  
  38  3:57  Marine x2  
  40  4:06  Refinery  
  40  4:07  SCV  
  41  4:13  Barracks  
  41  4:17  Barracks  
  41  4:30  Marine x2  
  43  4:36  Siege Tank  
  44  4:38  SCV  
  44  4:39  Orbital Command  
  44  4:47  Starport Reactor  
  44  4:49  Marine x2  
  44  4:50  SCV  
  47  5:03  Barracks Reactor  
  47  5:05  SCV  
  48  5:10  SCV  
  48  5:12  Stimpack  
  46  5:14  Marine x3  
  46  5:17  SCV  
  50  5:22  Medivac x2  
  54  5:32  Marine x3  
  54  5:33  Siege Tank  
  54  5:35  SCV x2  
  62  5:38  Supply Depot  
  62  5:40  Supply Depot  
  62  5:59  Marine x5  
  62  6:01  Medivac  
  62  6:02  Medivac  
  71  6:08  Siege Tank  
  71  6:09  SCV x2  
  76  6:13  Supply Depot  
  76  6:16  Supply Depot  
  76  6:19  Marine x2  
  78  6:35  Marine x3  
  78  6:48  Marine x2  
  78  6:49  Medivac x2  
  78  6:52  Marine  
  72  6:58  Marine x2  
  72  7:02  SCV x2  
  72  7:04  Engineering Bay  
  72  7:06  Engineering Bay, Marine x2  
  76  7:11  Refinery  
  76  7:12  Command Center  
  76  7:18  Marine x3  
  79  7:24  Marine  
  80  7:33  Marine  
  80  7:34  Siege Tank  
  80  7:36  Marine x3  
  79  7:45  Marine  
  79  7:47  Medivac x2  
  79  7:50  Marine  
  84  7:53  Marine  
  84  7:54  Marine  
  84  7:57  Marine  
  86  8:03  Marine  
  82  8:08  Marine  
  82  8:11  Marine  
  59  8:23  Marine x2  
  59  8:25  Medivac  
  52  8:34  Barracks  
  52  8:36  Marine  
  48  8:58  Barracks  
  48  8:59  Barracks  
  48  9:00  Barracks  
  48  9:01  Barracks  
Show
View Real Time Build Order
Export as new Build Order

Miszu Terran - Winner!

Build Orders: Reaper Expand, MMM Bio 

Get SALT Encoding   

  12  0:00  SCV  
  13  0:12  SCV  
  14  0:17  Supply Depot  
  14  0:24  SCV  
  15  0:39  SCV  
  15  0:40  Barracks  
  16  0:43  Refinery  
  16  0:51  SCV  
  17  1:03  SCV  
  18  1:15  SCV  
  19  1:27  Orbital Command  
  19  1:28  Reaper  
  20  1:42  Command Center  
  20  1:54  SCV  
  20  2:00  Supply Depot, Barracks Reactor  
  20  2:04  Refinery  
  20  2:09  SCV  
  21  2:21  SCV  
  21  2:22  Factory  
  22  2:33  SCV  
  22  2:36  Marine  
  23  2:37  Marine  
  24  2:46  SCV  
  25  2:54  Marine  
  25  2:55  Marine, Orbital Command  
  25  2:58  SCV  
  28  3:07  Factory Tech Lab  
  28  3:09  Starport  
  28  3:10  SCV  
  28  3:12  Marine  
  29  3:15  Marine  
  29  3:22  SCV  
  29  3:23  Engineering Bay, SCV  
  31  3:30  Cyclone  
  34  3:34  SCV  
  34  3:35  SCV  
  34  3:36  Marine  
  37  3:45  Viking  
  37  3:46  SCV  
  37  3:47  SCV  
  41  3:56  Missile Turret x2  
  41  3:58  SCV  
  41  3:59  SCV  
  41  4:02  Marine x2  
  45  4:10  SCV  
  45  4:15  Barracks  
  46  4:18  Barracks  
  46  4:25  SCV  
  46  4:27  SCV  
  46  4:41  Refinery, SCV  
  46  4:44  Supply Depot  
  46  4:49  Starport Reactor  
  46  4:50  Refinery, Barracks  
  46  4:51  Barracks  
  46  5:00  Barracks  
  46  5:03  Supply Depot  
  46  5:05  Marine x2, SCV x2  
  49  5:15  Barracks Tech Lab  
  49  5:16  Barracks Tech Lab  
  49  5:17  SCV x2  
  50  5:26  Siege Tank  
  53  5:29  SCV x2  
  53  5:30  Terran Infantry Weapons Level 1  
  53  5:35  Stimpack  
  55  5:38  Combat Shields  
  55  5:41  SCV  
  56  5:43  Barracks Reactor  
  56  5:44  Barracks Reactor  
  56  5:49  Marine, SCV  
  58  5:57  Supply Depot  
  58  5:58  Siege Tank  
  58  5:59  Supply Depot, SCV  
  62  6:18  Supply Depot, Marine x4, Medivac x2  
  70  6:21  Marine x2  
  70  6:22  Marine  
  73  6:26  Marine  
  73  6:27  Supply Depot  
  74  6:33  Siege Tank  
  74  6:36  Marine  
  74  6:37  Marine  
  74  6:38  Marine  
  74  6:39  Marine  
  60  6:48  Medivac x2  
  60  6:50  SCV x2  
  56  6:55  Marine x2  
  56  6:56  Marine x2  
  56  6:58  Marine  
  61  7:02  SCV x2  
  61  7:04  Marine x2  
  65  7:12  Marine  
  65  7:14  SCV  
  67  7:18  Siege Tank  
  67  7:20  SCV  
  71  7:26  SCV  
  71  7:27  Marine x3  
  75  7:33  Marine x3  
  78  7:42  Marine x2  
  71  7:44  Marine  
  71  7:45  Marine  
  71  7:51  Marine  
  73  7:52  Marine  
  71  7:59  Marine  
  71  8:00  Marine  
  71  8:02  Marine  
  74  8:08  Marine  
  74  8:10  Marine  
  70  8:17  Marine  
  70  8:18  Marine  
  66  8:20  Marine  
  66  8:26  Marine  
  66  8:35  Marine  
  66  8:36  Marine  
  66  8:38  Marine  
  69  8:44  Marine  
  70  8:53  Marine x2  
  72  8:56  Marine  
  72  9:02  Marine  
  76  9:11  Marine x2  
  76  9:13  Marine  
Tags
 
Add a new tag
Caveats
  • Supply blocks, unpowered buildings, or Contaminate may cause inaccurate times.
  • Supply counts are checked every 10 seconds.